 Dungeon Crawl Stone Soup version 0.23.2-33-g5129a83184 (webtiles) character file.

Game seed: 16264150453340918729

1767 t4s4d4r the Fighter (level 9, -17/98 HPs)
             Began as an Ogre Transmuter on July 15, 2019.
             Was an Elder of Jiyva.
             Demolished by a wyvern (19 damage)
             ... on level 8 of the Dungeon.
             The game lasted 00:19:53 (10226 turns).

t4s4d4r the Fighter (Ogre Transmuter)              Turns: 10226, Time: 00:19:54

Health: -17/98     AC:  3    Str: 13    XL:     9   Next: 7%
Magic:  10/12      EV:  9    Int: 17    God:    Jiyva [****..]
Gold:   100        SH:  0    Dex: 12    Spells: 1/12 levels left

rFire    . . .     SeeInvis .     - Unarmed
rCold    . . .     Gourm    .   (no shield)
rNeg     . . .     Faith    .   b - +0 robe
rPois    +         Spirit   .   (helmet restricted)
rElec    .         Reflect  .   (no cloak)
rCorr    +         Harm     .   (gloves unavailable)
MR       .....                  (boots unavailable)
Stlth    +.........             (no amulet)
HPRegen  0.26/turn              (no ring)
MPRegen  0.13/turn              (no ring)

@: very slightly contaminated, heavily drained
A: large, unfitting armour, horns 1, poison resistance, tough skin 1, MP-powered
wands
a: Request Jelly, Slimify, Renounce Religion


You were on level 8 of the Dungeon.
You worshipped Jiyva.
Jiyva was greatly pleased with you.
You were not hungry.

You visited 2 branches of the dungeon, and saw 9 of its levels.

You collected 260 gold pieces.
You spent 160 gold pieces at shops.

Inventory:

Missiles
 a - 73 arrows
 e - 78 stones (quivered)
Armour
 b - a +0 robe (worn)
 f - a +0 shield
Jewellery
 v - an uncursed ring of fire
 y - the ring of the Briny Deep {Fire Stlth+}
   (You found it on level 6 of the Dungeon)

   [ring of fire]

   It enhances your fire magic.
   It protects you from fire.
   It makes you vulnerable to cold.
   It makes you more stealthy.
Wands
 p - a wand of iceblast (17)
 u - a wand of flame (16)
Scrolls
 c - a scroll of blinking
 h - a scroll of amnesia {unknown}
 i - 3 scrolls of identify
 k - 4 scrolls of remove curse
 l - a scroll of noise {unknown}
 m - 2 scrolls of teleportation
Potions
 g - a potion of haste
 j - 4 potions of flight
 n - 2 potions of curing
 o - 2 potions of mutation
 q - a potion of invisibility
 r - 4 potions of agility
 s - 2 potions of brilliance
 t - a potion of ambrosia
 w - 2 potions of might
 z - 2 potions of cancellation {unknown}
Comestibles
 d - 6 rations
 x - a chunk of flesh


   Skills:
 - Level 9.0(6.5) Fighting
 - Level 1.7(0.0) Dodging
 + Level 1.9(0.0) Stealth
 - Level 8.1(5.7) Unarmed Combat
 - Level 2.4(0.3) Spellcasting
 - Level 1.7(0.0) Transmutations
 + Level 1.9(0.0) Evocations


You had one spell level left.
You knew the following spells:

 Your Spells              Type           Power        Failure   Level  Hunger
a - Beastly Appendage     Tmut           #.....       22%         1    ##.....
b - Sticks to Snakes      Tmut           #.......     34%         2    ###....
c - Spider Form           Tmut/Pois      #.........   56%         3    ####...
d - Blade Hands           Tmut           #.........   99%         5    ######.

Your spell library contained the following spells:

 Spells                   Type           Power        Failure   Level  Hunger
 Animate Skeleton         Necr           N/A          22%         1    ##.....
 Pain                     Necr           #...         22%         1    ##.....
 Regeneration             Chrm/Necr      #.........   56%         3    ####...
 Vampiric Draining        Necr           #.........   56%         3    ####...
 Animate Dead             Necr           N/A          92%         4    #####..
 Ice Form                 Ice/Tmut       #.......     92%         4    #####..


Dungeon Overview and Level Annotations

Branches:
Dungeon (8/15)             Temple (1/1) D:4
   Lair: D:8-11

Altars:
Ashenzari
Cheibriados
Dithmenos
Elyvilon
Fedhas
Gozag
Hepliaklqana
Kikubaaqudgha
Makhleb
Nemelex Xobeh
Qazlal
Ru
Sif Muna
Trog
Vehumet
Wu Jian
Xom
Yredelemnul
Zin
Jiyva

Shops:
D:5 !   D:6 :   D:7 %   D:8 %


Innate Abilities, Weirdness & Mutations

You are too large for most types of armour.
You have tough skin. (AC +1)
You have a pair of small horns on your head.
Your system is resistant to poisons. (rPois)
You expend magic power (3 MP) to strengthen your wands.


Message History

You hit the wyvern.
The wyvern is lightly wounded.
The wyvern bites you!
You barely miss the wyvern. You headbutt the wyvern.
The wyvern is moderately wounded.
The wyvern bites you!
You hit the wyvern.
You headbutt the wyvern, but do no damage.
The wyvern is heavily wounded.
The wyvern bites you. x2
You punch the wyvern!
The wyvern is almost dead.
The wyvern bites you!!
* * * LOW HITPOINT WARNING * * *
You hit the wyvern.
The wyvern is almost dead.
The wyvern bites you!!
* * * LOW HITPOINT WARNING * * *
The wyvern bites you!!
You die...

##### #...# ### #####
##...####.###...#### #
.............###@l.######
####. ......######.#
####..##.# ###....
..#.### ###
##....###...... ....#.#
##.........### ......#
########### .....##
###### ##### .....#
......####..... ....##
...#...#...... . ...##
#.....#....# ..


You could see a wyvern.

Vanquished Creatures
  A hungry ghost (D:8)
  An ice beast (D:7)
  A crocodile (D:8)
  4 bullfrogs
  A scorpion (D:4)
  4 killer bees
  2 wights
  A howler monkey (D:4)
  A crimson imp (D:5)
  2 centaur zombies (D:8)
  2 hounds
  A centaur skeleton (D:8)
  A bullfrog zombie (D:5)
  2 orc priests
  3 orc wizards
  2 iguanas
  A worker ant (D:4)
  9 adders
  An ooze (D:1)
  An adder skeleton (D:5)
  2 worms
  3 dart slugs
  3 leopard geckos
  12 orcs
  3 ball pythons
  7 bats
  2 giant cockroaches
  9 goblins
  12 hobgoblins
  15 jackals
  5 quokkas
  A ball python skeleton (D:5)
  7 frilled lizards
  10 kobolds
  6 rats
138 creatures vanquished.

Vanquished Creatures (collateral kills)
  An ogre (D:6)
1 creature vanquished.

Vanquished Creatures (others)
  Grinder (D:5)
  2 sky beasts
  2 black bears (D:7)
  An ice beast (D:6)
  An ogre (D:7)
  A big kobold (D:7)
  A scorpion (D:6)
  5 killer bees (D:7)
  3 wights
  4 crimson imps
  32 jellies
  2 centaur skeletons (D:6)
  An orc priest (D:7)
  A bullfrog skeleton (D:8)
  An iguana (D:7)
  An orc wizard (D:3)
  A worker ant (D:6)
  An adder (D:6)
  3 orcs (D:7)
  2 jackals (D:6)
  A bat (D:3)
  A goblin (D:3)
  3 kobolds (D:7)
  A leopard gecko skeleton (D:6)
72 creatures vanquished.

Grand Total: 211 creatures vanquished

Notes
Turn   | Place    | Note
-------+----------+-------------------------------------------
     0 | D:1      | t4s4d4r the Ogre Transmuter began the quest for the Orb.
     0 | D:1      | Reached XP level 1. HP: 19/19 MP: 3/3
    74 | D:1      | Reached XP level 2. HP: 17/27 MP: 5/5
   612 | D:1      | Reached XP level 3. HP: 32/33 MP: 4/6
   995 | D:1      | Learned a level 2 spell: Sticks to Snakes
   999 | D:1      | Learned a level 3 spell: Spider Form
  1809 | D:2      | Found a shadowy altar of Dithmenos.
  1928 | D:2      | Reached XP level 4. HP: 40/41 MP: 5/7
  3243 | D:3      | Gained mutation: Your system is resistant to poisons.
                  | (rPois) [potion of mutation]
  3243 | D:3      | Gained mutation: You have a pair of small horns on your
                  | head. [potion of mutation]
  3246 | D:3      | Reached skill level 5 in Unarmed Combat
  3246 | D:3      | Reached XP level 5. HP: 25/48 MP: 8/8
  3573 | D:3      | Found a snail-covered altar of Cheibriados.
  3588 | D:3      | Found a radiant altar of Vehumet.
  4328 | D:3      | Found a deep blue altar of Sif Muna.
  4377 | D:4      | Reached XP level 6. HP: 38/55 MP: 9/9
  4658 | D:4      | Found a staircase to the Ecumenical Temple.
  4660 | D:4      | Noticed a phantom
  4673 | Temple   | Entered the Ecumenical Temple
  4737 | Temple   | Became a worshipper of Jiyva Jehaqeul the Shapeless
  5008 | D:4      | Found a stormy altar of Qazlal.
  5313 | D:5      | Entered Level 5 of the Dungeon
  5513 | D:5      | Found a hazy altar of Hepliaklqana.
  5568 | D:5      | Noticed Grinder
  5587 | D:5      | Paralysed by Grinder for 5 turns
  5593 | D:5      | Noticed a sky beast
  5792 | D:5      | Found Xiocios's Distillery.
  5795 | D:5      | Bought a potion of lignification for 30 gold pieces
  5795 | D:5      | Bought a potion of agility for 40 gold pieces
  5795 | D:5      | Bought a potion of might for 40 gold pieces
  5795 | D:5      | Bought a potion of berserk rage for 50 gold pieces
  5933 | D:6      | Reached XP level 7. HP: 37/62 MP: 3/10
  6024 | D:6      | Reached * piety under Jiyva
  6266 | D:6      | Got a pitted lead ring
  6413 | D:5      | Killed Grinder
  6488 | D:6      | Found Hikk's Book Boutique.
  6525 | D:6      | Found an opulent altar of Gozag.
  6575 | D:6      | Reached ** piety under Jiyva
  7263 | D:7      | Reached skill level 2 in Fighting
  7502 | D:7      | Reached *** piety under Jiyva
  7574 | D:7      | Reached skill level 3 in Fighting
  7586 | D:7      | Gained mutation: You expend magic power (3 MP) to
                  | strengthen your wands. [Jiyva's grace]
  7630 | D:6      | Reached XP level 8. HP: 15/78 MP: 11/11
  7992 | D:7      | Reached skill level 4 in Fighting
  8022 | D:7      | Identified the ring of the Briny Deep {Fire Stlth+} (You
                  | found it on level 6 of the Dungeon)
  8046 | D:7      | Found Macky's Food Shop.
  8054 | D:7      | Reached skill level 5 in Fighting
  8142 | D:7      | Noticed a troll
  8168 | D:7      | Reached **** piety under Jiyva
  8256 | D:7      | Gained mutation: Your body has grown golden eyes which may
                  | confuse attackers. (Acc +3) [Jiyva's grace]
  8309 | D:6      | Learned a level 5 spell: Blade Hands
  8552 | D:8      | Reached skill level 6 in Fighting
  8557 | D:8      | Reached skill level 7 in Fighting
  8754 | D:8      | Found Xiwysedo's Food Emporium.
  8778 | D:8      | Reached skill level 8 in Fighting
  8817 | D:8      | Reached skill level 9 in Fighting
  9091 | D:7      | Reached skill level 1 in Stealth
  9091 | D:7      | Reached skill level 1 in Evocations
  9096 | D:7      | Lost mutation: Your body has grown golden eyes which may
                  | confuse attackers. (Acc +3) [Jiyva's grace]
  9408 | D:7      | Reached XP level 9. HP: 52/98 MP: 6/12
 10088 | D:8      | Found a sacrificial altar of Ru.
 10226 | D:8      | HP: 2/98 [wyvern (18)]
 10226 | D:8      | Demolished by a wyvern

Skill      XL: |  1  2  3  4  5  6  7  8 |
---------------+-------------------------+-----
Unarmed Combat | 3 4 5 6 7 8 |  8.1
Fighting       | 3 9 |  9.0
Stealth        | 1 |  1.9
Evocations     | 1 |  1.9
Dodging        | |  1.7
Spellcasting   | |  2.4
Transmutations | |  1.7

Action                   |  1- 3 |  4- 6 |  7- 9 || total
-------------------------+-------+-------+-------++-------
Melee: Unarmed           |   162 |   235 |   181 ||   578
       Headbutt          |     6 |    19 |    20 ||    45
       Kick              |     3 |    20 |    20 ||    43
       Punch             |       |     2 |     5 ||     7
 Cast: Beastly Appendage |    14 |    19 |    11 ||    44
       Sticks to Snakes  |       |     7 |     1 ||     8
       Spider Form       |       |       |     5 ||     5
  Use: Potion            |       |     2 |     3 ||     5
       Scroll            |       |    10 |       ||    10
  Eat: Chunk             |     4 |    13 |     7 ||    24
       Ration            |       |       |     2 ||     2
Armor: Robe              |    38 |    43 |    25 ||   106
       Skin              |       |    10 |     4 ||    14
Dodge: Dodged            |    95 |   103 |   121 ||   319
